 Dungeon Crawl Stone Soup version 0.20.1-1-g8b1a95d (webtiles) character file.

194 juspike the Bolt Thrower (level 5, -3/45 HPs)
             Began as a Minotaur Hunter on Oct 6, 2017.
             Was a Follower of Qazlal.
             Slain by Sigmund
             ... wielding a +0 scythe
              (16 damage)
             ... on level 3 of the Dungeon.
             The game lasted 00:37:06 (2594 turns).

juspike the Bolt Thrower (Minotaur Hunter)          Turns: 2594, Time: 00:37:06

Health: -3/45      AC:  6    Str: 17    XL:     5   Next: 44%
Magic:  4/4        EV: 12    Int:  8    God:    Qazlal [*.....]
Gold:   181        SH:  1    Dex: 11    Spells: 4/4 levels left

rFire    . . .     SeeInvis .   a - +1 hand crossbow
rCold    . . .     Gourm    .   (no shield)
rNeg     . . .     Faith    .   c - +2 leather armour
rPois    .         Spirit   .   (helmet restricted)
rElec    .         Reflect  .   (no cloak)
rCorr    .         Harm     .   q - +0 pair of gloves
MR       .....                  (no boots)
Stlth    +.........             (no amulet)
Regen    0.2/turn               x - ring of wizardry
MPRegen  0.1/turn               (no ring)

@: no status effects
A: retaliatory headbutt, horns 2
a: Renounce Religion


You were on level 3 of the Dungeon.
You worshipped Qazlal.
Qazlal was aware of your devotion.
You were not hungry.

You visited 1 branch of the dungeon, and saw 3 of its levels.

You collected 181 gold pieces.

Inventory:

Hand Weapons
 a - a +1 hand crossbow (weapon)
 b - a +0 short sword
 i - a +0 spear
 j - a +2 mace of venom
 s - a +0 hand axe
 A - a +2 dagger of draining
 B - a +0 blowgun
 C - a +0 blowgun
Missiles
 d - 2 bolts (quivered)
 e - 12 arrows
 p - 61 stones
 D - 40 poisoned needles
Armour
 c - a +2 leather armour (worn)
 q - a +0 pair of gloves (worn)
 t - a +0 scale mail
 u - a +0 ring mail
Jewellery
 x - a ring of wizardry (left hand)
Scrolls
 k - 3 scrolls of remove curse
 r - 4 scrolls of teleportation
Potions
 g - a potion of heal wounds {unknown}
 h - a potion of berserk rage
 l - 2 potions of curing {unknown}
 m - 2 potions of agility {unknown}
 n - a potion of brilliance {unknown}
 o - a potion of haste
 v - a potion of degeneration {unknown}
 z - a potion of mutation {unknown}
Comestibles
 f - 3 bread rations
 w - 2 fruits


   Skills:
 + Level 3.2 Fighting
 + Level 6.9 Crossbows
 + Level 1.2 Armour
 + Level 2.2 Dodging
 + Level 0.8 Stealth


You had 4 spell levels left.
You didn't know any spells.

Dungeon Overview and Level Annotations

Branches:
Dungeon (3/15)

Altars:
Ashenzari
Hepliaklqana
Qazlal
Trog
The Shining One

Annotations:
D:3 Sigmund


Innate Abilities, Weirdness & Mutations

You reflexively headbutt those who attack you in melee.
You have a pair of horns on your head.


Message History

A magic dart appears from out of thin air!
The magic dart hits you!
You see here a bolt.
Firing (i - inventory. (,) - cycle):
d - 5 bolts (quivered)
Press: ? - help, Shift-Dir - straight line
Aim: Disturbance (grey smoke)
You shoot a bolt. Something hits you.
Firing (i - inventory. (,) - cycle):
d - 4 bolts (quivered)
Press: ? - help, Shift-Dir - straight line
Aim: Disturbance (grey smoke)
You shoot a bolt.
Press: ? - help, v - describe, . - travel A rock wall.
A magic dart appears from out of thin air!
The magic dart hits you!
* * * LOW HITPOINT WARNING * * *
Firing (i - inventory. (,) - cycle):
d - 3 bolts (quivered)
Press: ? - help, Shift-Dir - straight line You shoot a bolt.
Something hits you!
You die...

#...#.#..#........#
.#
##...#.#..#........#
#
#...####..#........#
##...# #.#§§.(....#
#...## #.#§§§§§...#
.# ##...#
####.#§§§§§...# ..
##...##
#....#§§§§§...# .#
##...##
#....##(§§§.....
##.).##
#...@.(.§####.##
##...## #######...#
... #...## ###.# #.
##...# .# #...## .#
#...# .# ...## ...#
...#


There were no monsters in sight!

Vanquished Creatures
  A phantom (D:3)
  3 adders
  An ooze (D:1)
  A worm (D:2)
  A dart slug (D:2)
  2 leopard geckos
  6 orcs (D:3)
  A ball python (D:2)
  7 bats
  5 giant cockroaches
  4 goblins
  3 hobgoblins
  9 jackals
  2 quokkas (D:2)
  2 frilled lizards (D:2)
  7 kobolds
  6 rats
61 creatures vanquished.

Notes
Turn   | Place    | Note
-------+----------+-------------------------------------------
     0 | D:1      | juspike the Minotaur Hunter began the quest for the Orb.
     0 | D:1      | Reached XP level 1. HP: 18/18 MP: 0/0
   288 | D:1      | Reached XP level 2. HP: 25/25 MP: 1/1
   307 | D:1      | Reached skill level 5 in Crossbows
   791 | D:2      | Reached XP level 3. HP: 30/30 MP: 2/2
  1046 | D:2      | Found a stormy altar of Qazlal.
  1054 | D:2      | Became a worshipper of Qazlal Stormbringer
  1679 | D:3      | Found a glowing golden altar of the Shining One.
  1720 | D:3      | Reached XP level 4. HP: 37/37 MP: 3/3
  1801 | D:3      | Reached skill level 6 in Crossbows
  1815 | D:3      | Reached * piety under Qazlal
  1823 | D:3      | Found a shattered altar of Ashenzari.
  1903 | D:3      | Found a bloodstained altar of Trog.
  2090 | D:3      | Reached skill level 1 in Armour
  2254 | D:3      | Noticed a phantom
  2275 | D:3      | Killed a phantom
  2275 | D:3      | Reached XP level 5. HP: 29/45 MP: 4/4
  2574 | D:3      | Noticed Sigmund
  2581 | D:3      | Found a hazy altar of Hepliaklqana.
  2594 | D:3      | Slain by Sigmund

Skill      XL: |  1  2  3  4 |
---------------+-------------+-----
Crossbows      | 5 6 |  6.9
Armour         | 1 |  1.2
Fighting       | 3 |  3.2
Dodging        | |  2.2
Stealth        | |  0.8

Action                   |  1- 3 |  4- 6 || total
-------------------------+-------+-------++-------
 Fire: Hand crossbow     |    92 |    46 ||   138
Throw: Stone             |       |     4 ||     4
  Use: Scroll            |     7 |     3 ||    10
  Eat: Bread ration      |     1 |       ||     1
       Fruit             |       |     1 ||     1
Armor: Leather armour    |     6 |     2 ||     8
Dodge: Dodged            |    22 |     2 ||    24
Block: Other             |       |     1 ||     1
